[Event "44th Chess Olympiad Women 2022"]
[Site "Chennai"]
[Date "2022.08.01"]
[Round "4.29"]
[White "Sarquis, Maria Belen"]
[Black "Gjergji, Rozana"]
[Result "1-0"]
[WhiteElo "2072"]
[BlackElo "1920"]
[Annotator "NA RC"]
[PlyCount "193"]
[EventDate "2022.??.??"]
[TimeControl "60"]

1. e4 d5 2. exd5 Qxd5 3. Nc3 Qa5 4. d4 Nf6 5. Bc4 c6 6. Bd2 Qc7 7. Qe2 Bf5 8. O-O-O e6 9. f3 h5 10. h4 Nbd7 11. Nh3 Bd6 12. Ng5 Nb6 13.
Bb3 O-O-O 14. Kb1 Nbd5 15. Nce4 Nxe4 16. Nxe4 Bf4 17. Be1 Kb8 18. Bf2 Nf6 19. Ng5 Ka8 20.
g3 Bd6 21. Rhg1 Rd7 22. g4 Bg6 23. Ka1 Re8 24. Qc4 Bf4 25.
c3 Nd5 26. Rde1 Bxg5 27. hxg5 Qf4 28. Qe2 Qxg5 29. Bg3 hxg4 30. fxg4 Qd8 31. a3 Qa5 32. Ka2 b5 33. Qd2 c5 34. Bxd5+ Rxd5 35. Qg2 Red8 36. dxc5 Qa4 37. Bd6 Bc2 38. Rgf1 Qb3+ 39. Ka1 Bd3 40. Rf4 Bc4 41. Rxc4 Qxc4 42. Qf3 Rd7 43. Qh1 Kb7 44. Qh8 R5xd6 45. cxd6 Qxg4 46. Qh1+ Kb6 47. Rg1 Qf4 48.
Rxg7 Qxd6 49. Rg1 f5 50. Qh5 Kc6 51. Re1 Kc7 52. Qe8 f4 53.
Rxe6 Qd1+ 54. Ka2 Qd5+ 55. Ka1 f3 56. Rf6 Qc4 57. Qe1 Qe2 58.
Qg3+ Kb7 59. Qxf3+ Qxf3 60. Rxf3 a6 61. Kb1 Rd6 62. Kc2 Kc6 63.
b3 Kc5 64. Rf5+ Kc6 65. Rg5 Rh6 66. Rg2 Rh1 67. Rd2 a5 68.
Rg2 Ra1 69. Kb2 Rd1 70. Rg6+ Kc5 71. b4+ axb4 72. axb4+ Kc4 73. Rc6+ Kd5 74. Rc5+ Kd6 75. Rxb5 Kc6 76. Rh5 Rg1 77. c4 Rg3 78. Rh6+ Kc7 79. c5 Kb7 80. Rd6 Kc7 81. b5 Rg5 82. Rc6+ Kb7 83.
Kb3 Rg3+ 84. Kb4 Rg4+ 85. Ka5 Rg1 86. Rh6 Ra1+ 87. Kb4 Rb1+ 88. Kc4 Rc1+ 89. Kd5 Rd1+ 90. Ke6 Re1+ 91. Kd7 Rc1 92. c6+ Kb6 93. c7+ Kb7 94. Rc6 Rd1+ 95. Rd6 Rc1 96. b6 Rc2 97. Kd8 1-0

[Event "44th Chess Olympiad Women 2022"]
[Site "Chennai"]
[Date "2022.08.01"]
[Round "4.29"]
[White "Shabanaj, Eglantina"]
[Black "Zuriel, Marisa"]
[Result "1-0"]
[WhiteElo "1940"]
[BlackElo "2174"]
[Annotator "NA RC"]
[PlyCount "75"]
[EventDate "2022.??.??"]
[TimeControl "60"]

1. Nf3 c5 2. e3 g6 3. c3 Bg7 4. d4 Nf6 5. Bd3 O-O 6. O-O d5 7. Nbd2 Nc6 8.
Qe2 Re8 9. Ne5 Nxe5 10. dxe5 Nd7 11. f4 b6 12. e4 e6 13. Nf3 Bb7 14. b3 Qc7 15. c4 dxc4 16. Bxc4 a6 17. a4 Bc6 18. Bb2 Qb7 19. Bd3 b5 20.
axb5 axb5 21. Rxa8 Rxa8 22. f5 Qb6 23. Kh1 c4 24. bxc4 Nc5 25.
Bd4 Rd8 26. Qe3 Rxd4 27. Qxd4 bxc4 28. Bxc4 Bxe4 29. fxe6 fxe6 30. Ng5 Bf5 31. Nxe6 Bxe6 32. Bxe6+ Kh8 33. Bc4 h5 34. Qd5 Kh7 35. e6 Qa7 36. h3 Na4 37. Bd3 Nb2 38. Qxh5+ 1-0

[Event "44th Chess Olympiad Women 2022"]
[Site "Chennai"]
[Date "2022.08.01"]
[Round "4.30"]
[White "Aydin, Gulenay"]
[Black "Manova, Ivana"]
[Result "1-0"]
[WhiteElo "2100"]
[BlackElo "1849"]
[Annotator "NA RC"]
[PlyCount "85"]
[EventDate "2022.??.??"]
[TimeControl "60"]

1. e4 e5 2. Nf3 Nc6 3. Nc3 Nf6 4. Bb5 Bd6 5. d3 a6 6. Ba4 O-O 7. a3 b5 8. Bb3 Bb7 9. g4 Nd4 10. Ba2 c5 11. g5 Ne8 12. h4 Kh8 13.
Nxd4 exd4 14. Nd5 Nc7 15. Nf4 Ne6 16. Bd5 Bc6 17. Bxc6 dxc6 18. Nxe6 fxe6 19. Qg4 e5 20. O-O Qc7 21. Bd2 g6 22. Kg2 Qf7 23.
f3 c4 24. Rf2 Ra7 25. Raf1 cxd3 26. cxd3 Qb3 27. f4 exf4 28.
Bxf4 Bxf4 29. Rxf4 Re8 30. Rf8+ Rxf8 31. Rxf8+ Kg7 32. Rf2 Rf7 33. Rxf7+ Qxf7 34. Qc8 Qf4 35. Qd7+ Kg8 36. Qd8+ Kf7 37. Qxd4 Qg4+ 38. Kf1 Qxh4 39. Qf2+ Qxf2+ 40. Kxf2 h5 41. gxh6 g5 42. d4 Kg6 43. d5 1-0

[Event "44th Chess Olympiad Women 2022"]
[Site "Chennai"]
[Date "2022.08.01"]
[Round "4.30"]
[White "Nikolovska, Dragana"]
[Black "Okuyaz, Duru"]
[Result "0-1"]
[WhiteElo "1876"]
[BlackElo "2090"]
[Annotator "NA RC"]
[PlyCount "66"]
[EventDate "2022.??.??"]
[TimeControl "60"]

1. e4 e6 2. d4 d5 3. Nd2 c5 4. Ngf3 cxd4 5. Nxd4 Nf6 6. e5 Nfd7 7. N2f3 Nc6 8. Nxc6 bxc6 9. c3 Qc7 10. Bf4 Qb6 11. Rb1 Ba6 12. Be2 Bb5 13. Bd3 Bxd3 14. Qxd3 Be7 15. Qe2 O-O 16. O-O a5 17. b4 axb4 18. Nd4 Kh8 19. Qg4 c5 20. Nc2 c4 21. cxb4 Qc7 22. Ne3 Ra3 23. Qe2 Nb6 24. Rfc1 Rc8 25. Qd2 Rca8 26. Rc2 Qa7 27. Qd4 Rd3 28. Qb2 Na4 29. Qc1 Qd4 30. Nd1 c3 31. b5 Ba3 32.
Be3 Bxc1 33. Rcxc1 Qxe5 0-1

[Event "44th Chess Olympiad Women 2022"]
[Site "Chennai"]
[Date "2022.08.01"]
[Round "4.30"]
[White "Onur, Cigdem"]
[Black "Eftovska, Lea"]
[Result "1-0"]
[WhiteElo "2000"]
[BlackElo "1634"]
[Annotator "NA RC"]
[PlyCount "93"]
[EventDate "2022.??.??"]
[TimeControl "60"]

1. e4 e5 2. Nf3 Nc6 3. Nc3 Nf6 4. Bb5 Bb4 5. O-O O-O 6. d3 Bxc3 7. bxc3 d6 8. Re1 Bd7 9. d4 Re8 10. Bd3 h6 11. Rb1 b6 12. Bb2 a5 13. h3 Nh7 14. Re3 Nf8 15. Kh2 Ng6 16. g3 Qc8 17. Ng1 Rf8 18. Qh5 a4 19. Rf1 Ra5 20. d5 Nce7 21. c4 f5 22. exf5 Bxf5 23. Bc3 Ra8 24. Ne2 e4 25. Bxe4 Bxe4 26. Rxe4 Rf5 27. g4 Rxh5 28. gxh5 Ne5 29. f4 Qf8 30. Nd4 c6 31. Rg1 Qf7 32. fxe5 dxe5 33. Nxc6 Nxc6 34. dxc6 Ra7 35. Bxe5 Qf5 36. Re2 Re7 37. c7 Kh7 38. Rge1 Qc8 39. Bg3 Rxe2+ 40. Rxe2 Qd7 41. Rf2 Qe6 42. Rf8 Qe2+ 43. Kg1 Qd1+ 44. Kg2 Qxc2+ 45. Bf2 Qe4+ 46. Kg1 Qb1+ 47. Kh2 1-0

[Event "44th Chess Olympiad Women 2022"]
[Site "Chennai"]
[Date "2022.08.01"]
[Round "4.30"]
[White "Zhezhovska, Monika"]
[Black "Kocyigit, Buse Naz"]
[Result "0-1"]
[WhiteElo "1588"]
[BlackElo "1991"]
[Annotator "NA RC"]
[PlyCount "68"]
[EventDate "2022.??.??"]
[TimeControl "60"]

1. d4 Nf6 2. c4 g6 3. Nc3 Bg7 4. e4 d6 5. Be2 O-O 6. Be3 Na6 7. g4 c5 8. d5 Nc7 9. f3 a6 10. a4 Re8 11. Qd2 e6 12. h4 exd5 13. cxd5 Rb8 14. a5 b5 15. axb6 Rxb6 16. Nh3 Nb5 17. Bxb5 axb5 18. Nf4 Nd7 19. Nd3 b4 20. Ne2 Ra6 21. Rd1 Ra2 22. Nec1 Rxb2 23. Nxb2 Bc3 24. Nc4 Bxd2+ 25. Rxd2 Qf6 26. Kf2 Ne5 27. Nxe5 Qxe5 28. Nd3 Qc3 29. Rc1 Qa3 30. Rdd1 Ba6 31. Ra1 Qb3 32. Ne1 Qc4 33. Nd3 b3 34. Bc1 Rb8 0-1

[Event "44th Chess Olympiad Women 2022"]
[Site "Chennai"]
[Date "2022.08.01"]
[Round "4.31"]
[White "Cooke, Suzie G."]
[Black "Martynkova, Olena"]
[Result "1/2-1/2"]
[WhiteElo "1936"]
[BlackElo "2213"]
[Annotator "NA RC"]
[PlyCount "61"]
[EventDate "2022.??.??"]
[TimeControl "60"]

1. d4 Nf6 2. Bf4 g6 3. Nc3 d5 4. e3 Bg7 5. h4 h5 6. Nf3 O-O 7. Ne5 c5 8. Be2 cxd4 9. exd4 Qb6 10. a3 Bf5 11. Na4 Qa5+ 12. c3 Nbd7 13.
b4 Qd8 14. Nc5 Nxc5 15. bxc5 Qa5 16. Qb3 Rfc8 17. O-O b6 18. Bb5 Ne4 19. Nc6 Qxc3 20. Qxc3 Nxc3 21. Nxe7+ Kh8 22. Nxc8 Nxb5 23. Nxb6 axb6 24. cxb6 Bc8 25. Rab1 Nxd4 26.
Rfe1 Ne6 27. b7 Bxb7 28. Rxb7 Nxf4 29. Rxf7 Nd3 30. Ree7 Bd4 31. Re6 1/2-1/2

[Event "44th Chess Olympiad Women 2022"]
[Site "Chennai"]
[Date "2022.08.01"]
[Round "4.31"]
[White "Lampard, Alice"]
[Black "Sibajeva, Marija"]
[Result "0-1"]
[WhiteElo "1729"]
[BlackElo "2032"]
[Annotator "NA RC"]
[PlyCount "90"]
[EventDate "2022.??.??"]
[TimeControl "60"]

1. e4 d5 2. exd5 Qxd5 3. Nc3 Qa5 4. d4 Nf6 5. Nf3 Bf5 6. Bc4 e6 7. Bd2 Bb4 8. a3 Bxc3 9. Bxc3 Qb6 10. d5 Nbd7 11. Nd4 O-O-O 12. Nxf5 exf5 13. O-O Qd6 14. f3 Nb6 15. Qd4 Nxc4 16. Qxc4 Nxd5 17. Rfd1 f6 18. Qd3 Qd7 19. Be1 Rhe8 20. Bf2 Nf4 21. Qxd7+ Rxd7 22. Rxd7 Kxd7 23. Re1 Rxe1+ 24. Bxe1 Ne2+ 25. Kf2 Nd4 26. c4 Kc6 27. Bb4 b6 28. Bc3 Kc5 29. Ke3 Nc6 30. b3 a5 31. Kd3 Ne5+ 32. Ke3 a4 33.
Bd4+ Kc6 34. Bxe5 fxe5 35. b4 g5 36. g4 fxg4 37. fxg4 b5 38.
cxb5+ Kd5 39. Kd3 e4+ 40. Ke3 Ke5 41. h3 Kd5 42. Ke2 Kd4 43.
Kd2 e3+ 44. Ke2 Ke4 45. Ke1 Ke5 0-1

[Event "44th Chess Olympiad Women 2022"]
[Site "Chennai"]
[Date "2022.08.01"]
[Round "4.31"]
[White "Simkunaite, Gabija"]
[Black "Hughes, Rhian"]
[Result "1-0"]
[WhiteElo "2010"]
[BlackElo "1843"]
[Annotator "NA RC"]
[PlyCount "101"]
[EventDate "2022.??.??"]
[TimeControl "60"]

1. e4 d5 2. exd5 Qxd5 3. Nc3 Qa5 4. Bc4 Nf6 5. d3 c6 6. Bd2 Bf5 7. Nd5 Qd8 8. Nxf6+ gxf6 9. Qf3 Bg6 10. O-O-O Nd7 11. d4 Nb6 12. Qc3 Nxc4 13. Qxc4 Qd5 14. Qxd5 cxd5 15. Nh3 O-O-O 16. Rde1 e6 17. Nf4 Bg7 18. h4 e5 19. h5 exf4 20. hxg6 fxg6 21. Bxf4 Rd7 22. Re6 b6 23. a4 g5 24. Bd2 h6 25. a5 Kb7 26. Bb4 f5 27. c3 Rc8 28.
Kd2 Rc6 29. a6+ Kc7 30. Re8 Rd8 31. Rhe1 Bf6 32. Rf8 Rxf8 33. Bxf8 h5 34. Re8 b5 35. Bc5 Rxa6 36. Rf8 Kb7 37. Rf7+ Kb8 38. Rd7 g4 39. Rxd5 Bg5+ 40. Kd3 Ra1 41. Rxf5 Rd1+ 42. Ke4 Bc1 43. Kd5 Re1 44. Kc6 Re8 45. Rxh5 a6 46. Ba3 Re6+ 47. Bd6+ Ka7 48. d5 Rg6 49. Rh7+ Ka8 50. Kc7 Rg8 51. Kb6 1-0

[Event "44th Chess Olympiad Women 2022"]
[Site "Chennai"]
[Date "2022.08.01"]
[Round "4.31"]
[White "Zaksaite, Salomeja"]
[Black "Roy, Ali"]
[Result "0-1"]
[WhiteElo "2212"]
[BlackElo "1893"]
[Annotator "NA RC"]
[PlyCount "58"]
[EventDate "2022.??.??"]
[TimeControl "60"]

1. e4 e6 2. d4 d5 3. Nc3 dxe4 4. Nxe4 Nd7 5. Nf3 Ngf6 6. Nxf6+ Nxf6 7. Be3 Be7 8. Bd3 O-O 9. Qe2 b6 10. O-O-O Bb7 11. h4 c5 12. dxc5 Qc7 13. h5 bxc5 14. h6 g6 15. Bg5 a5 16. Rh4 a4 17. a3 Bd5 18. c4 Bc6 19. g3 Rfd8 20. Kb1 Rab8 21. Ne5 Rb3 22. Nxc6 Qxc6 23. Rf4 e5 24. Qxe5 Rdxd3 25. Rxd3 Rxd3 26. Bxf6 Qh1+ 27. Ka2 Qd1 28.
Qb8+ Bf8 29. Bg5 Qb3+ 0-1

[Event "44th Chess Olympiad Women 2022"]
[Site "Chennai"]
[Date "2022.08.01"]
[Round "4.32"]
[White "Fawaz, Nadia"]
[Black "Dejanovic, Tereza"]
[Result "1-0"]
[WhiteElo "1214"]
[BlackElo "2011"]
[Annotator "NA RC"]
[PlyCount "65"]
[EventDate "2022.??.??"]
[TimeControl "60"]

1. d4 d5 2. Nf3 Nf6 3. Bf4 e6 4. e3 Bd6 5. Bg3 c5 6. c3 Nc6 7. Bd3 O-O 8. O-O b6 9. Nbd2 Bb7 10. Bh4 Be7 11. Qc2 h6 12. dxc5 bxc5 13.
Rad1 Qb6 14. Qb1 e5 15. e4 d4 16. Nc4 Qc7 17. Bg3 Nd7 18.
cxd4 cxd4 19. Be2 Bc5 20. b4 Bxb4 21. Nxd4 Nxd4 22. Rxd4 Bc5 23. Rd2 f6 24. Rc1 Bc6 25. Qd3 Rfd8 26. Qf3 Rac8 27. Qh5 Qb8 28. Bg4 Rc7 29. Bf5 Kh8 30. h3 a6 31. Bh4 Bd4 32. Nd6 Rf8 33.
Qg6 1-0

[Event "44th Chess Olympiad Women 2022"]
[Site "Chennai"]
[Date "2022.08.01"]
[Round "4.32"]
[White "Grishina, Alexandra"]
[Black "Berke, Ana"]
[Result "0-1"]
[WhiteElo "2012"]
[BlackElo "2163"]
[Annotator "NA RC"]
[PlyCount "82"]
[EventDate "2022.??.??"]
[TimeControl "60"]

1. d4 Nf6 2. Nf3 e6 3. g3 c5 4. Bg2 cxd4 5. Nxd4 d5 6. O-O e5 7. Nb3 Nc6 8. Bg5 Be6 9. Nc3 d4 10. Ne4 Be7 11. Nbc5 Bc8 12. Bxf6 gxf6 13. Nb3 a5 14. a4 f5 15. Ned2 Be6 16. e3 dxe3 17. fxe3 h5 18. Qe2 h4 19. Qb5 Qc7 20. e4 f4 21. gxf4 exf4 22. e5 h3 23.
Bf3 O-O-O 24. Rae1 Kb8 25. Kh1 Rhg8 26. Ne4 Bxb3 27. cxb3 Qxe5 28. Nc3 Qxb5 29. axb5 Bh4 30. bxc6 Bxe1 31. Rxe1 bxc6 32. Bxc6 Rd2 33. Na4 Rc8 34. Be4 Re8 35. Nc3 f3 36. Rf1 f2 37. Bd5 Re1 38. Bc4 Rxb2 39. Nd1 Rb1 40. Ne3 Rxe3 41. b4 Rxf1+ 0-1

[Event "44th Chess Olympiad Women 2022"]
[Site "Chennai"]
[Date "2022.08.01"]
[Round "4.32"]
[White "Ivekovic, Tihana"]
[Black "Bedrosian, Danielle"]
[Result "1-0"]
[WhiteElo "2082"]
[BlackElo "1662"]
[Annotator "NA RC"]
[PlyCount "85"]
[EventDate "2022.??.??"]
[TimeControl "60"]

1. d4 Nf6 2. c4 e6 3. g3 d5 4. Bg2 c6 5. Nf3 Be7 6. O-O O-O 7. Nbd2 Nbd7 8.
Qc2 Re8 9. Rd1 Nf8 10. e4 dxe4 11. Nxe4 Ng6 12. Ne5 Qc7 13. Nxg6 hxg6 14. Bf4 Qd8 15. h4 Nh5 16. Be3 Qc7 17. Rac1 b6 18. Qb1 Qb8 19. Bg5 f6 20. Be3 Bb7 21. Nc3 f5 22. d5 cxd5 23. cxd5 Bf8 24. Nb5 Bc5 25. Bxc5 bxc5 26. Rxc5 Bxd5 27. Bxd5 exd5 28. Qd3 Nf6 29. Nc7 Qxb2 30. Nxa8 Rxa8 31. Rc2 Qb7 32. h5 Nxh5 33. Qxd5+ Qxd5 34. Rxd5 Nf6 35. Ra5 Ne4 36. Rc7 a6 37. Re5 Rd8 38. Ree7 Rd1+ 39. Kg2 Rd2 40. Rxg7+ Kf8 41. Rh7 Rxf2+ 42. Kg1 Kg8 43. Rhd7 1-0

[Event "44th Chess Olympiad Women 2022"]
[Site "Chennai"]
[Date "2022.08.01"]
[Round "4.32"]
[White "Medic, Mirjana"]
[Black "Mouradian, Knarik"]
[Result "1-0"]
[WhiteElo "2194"]
[BlackElo "2121"]
[Annotator "RC"]
[PlyCount "131"]
[EventDate "2022.??.??"]
[TimeControl "60"]

1. d4 d5 2. c4 c6 3. Nf3 Nf6 4. Nc3 e6 5. e3 Nbd7 6. Qc2 b6 7. b3 Bb7 8. Bb2 Rc8 9. Be2 Bd6 10. O-O O-O 11. Rad1 Qe7 12. Rfe1 Rfd8 13. Bf1 e5 14. e4 dxc4 15. Bxc4 b5 16. Bf1 a6 17. g3 b4 18. Na4 Ng4 19. h3 Ngf6 20.
dxe5 Bxe5 21. Nxe5 Nxe5 22. Bxe5 Qxe5 23. Nc5 Qe7 24. Rxd8+ Rxd8 25. Bxa6 Bxa6 26. Nxa6 c5 27. Qxc5 Qe6 28.
Nxb4 Qxh3 29. Qg5 h6 30. Qh4 Qd7 31. Qf4 Qc8 32. Rc1 Qe6 33.
Nc6 Ra8 34. e5 Nh7 35. Nd4 Qd7 36. e6 fxe6 37. Rc7 Qe8 38. Qe5 Nf6 39. Qxe6+ Qxe6 40. Nxe6 Ra6 41. Rxg7+ Kh8 42. Re7 Rxa2 43.
Nd4 Rd2 44. Nf5 h5 45. Ne3 Rb2 46. Rf7 Ne4 47. Rf4 Nc5 48. Rf5 Ne4 49. Rxh5+ Kg7 50. Rf5 Rxb3 51. Re5 Nf6 52. Kg2 Kg6 53. f4 Ra3 54. g4 Nd7 55. Rg5+ Kf6 56. Kf3 Rb3 57. Rd5 Nf8 58. Rd6+ Ke7 59. Rc6 Ne6 60. Ke4 Rb4+ 61. Rc4 Rb5 62. f5 Ng5+ 63. Kf4 Nf7 64. g5 Kf8 65. Rd4 Rb2 66. g6 1-0

[Event "44th Chess Olympiad Women 2022"]
[Site "Chennai"]
[Date "2022.08.01"]
[Round "4.33"]
[White "Nazarova, Anastasia"]
[Black "Zhang, Jasmine Haomo"]
[Result "1-0"]
[WhiteElo "2208"]
[BlackElo "1972"]
[Annotator "NA RC"]
[PlyCount "67"]
[EventDate "2022.??.??"]
[TimeControl "60"]

1. e4 c5 2. Nf3 d6 3. d4 cxd4 4. Nxd4 Nf6 5. Nc3 a6 6. Be3 e6 7. f3 b5 8. Qd2 Nbd7 9. g4 h6 10. h4 b4 11. Nce2 d5 12. exd5 Nxd5 13.
Bf2 Bb7 14. O-O-O Ne5 15. Nf4 Nxf4 16. Qxf4 Bd6 17. Qe3 Bd5 18. Nf5 O-O 19. Bg3 Nxg4 20. fxg4 Bxh1 21. Nxd6 Bd5 22. g5 hxg5 23. hxg5 Qa5 24. g6 fxg6 25. Bh3 Qxa2 26. Rxd5 exd5 27. Be6+ Kh7 28. Be1 Qa1+ 29. Kd2 g5 30. Qh3+ Kg6 31. Bf5+ Kf6 32. Qh7 Ke7 33. Qxg7+ Kxd6 34. Bg3+ 1-0

[Event "44th Chess Olympiad Women 2022"]
[Site "Chennai"]
[Date "2022.08.01"]
[Round "4.33"]
[White "Punsalan, Vyanla M"]
[Black "Tuominen, Tanja"]
[Result "1-0"]
[WhiteElo "1895"]
[BlackElo "2080"]
[Annotator "NA RC"]
[PlyCount "99"]
[EventDate "2022.??.??"]
[TimeControl "60"]

1. e4 c5 2. c3 d5 3. exd5 Qxd5 4. d4 g6 5. Nf3 Bg7 6. Be2 cxd4 7. cxd4 Nf6 8. Nc3 Qa5 9. Qb3 O-O 10. O-O a6 11. Bf4 Qf5 12. Bg3 b5 13.
Rfd1 Qd7 14. Ne5 Qa7 15. a4 bxa4 16. Rxa4 Be6 17. d5 Bf5 18. Nc6 Nxc6 19. dxc6 Be6 20. Qa3 Qb6 21. Bf3 a5 22. c7 Ra7 23. Qxe7 Qxb2 24. Be5 Nd5 25. Rxd5 Bxd5 26. Bxg7 Qc1+ 27. Bd1 Kxg7 28. Qxf8+ Kxf8 29. c8=Q+ Kg7 30. Qc5 Rd7 31. Rd4 Be6 32. Rxd7 Bxd7 33. Qd4+ Kg8 34. Nd5 Be6 35. Ne7+ Kf8 36. Qd8+ Kg7 37. Qd4+ Kf8 38. Nd5 Kg8 39. h3 a4 40. Nf6+ Kg7 41. Ne4+ Kf8 42. Qxa4 f5 43. Nd6 Ke7 44. Nb5 Qd2 45. Qd4 Qc1 46. Kh2 Bd7 47. Qd6+ Kd8 48. Bf3 g5 49. Qf6+ Kc8 50. Qf8+ 1-0

[Event "44th Chess Olympiad Women 2022"]
[Site "Chennai"]
[Date "2022.08.01"]
[Round "4.33"]
[White "Puuska, Heini"]
[Black "Ning, Isabelle Yixuan"]
[Result "1-0"]
[WhiteElo "2010"]
[BlackElo "1853"]
[Annotator "NA RC"]
[PlyCount "105"]
[EventDate "2022.??.??"]
[TimeControl "60"]

1. d4 Nf6 2. Nf3 g6 3. g3 Bg7 4. Bg2 O-O 5. O-O d6 6. b3 c6 7. Bb2 Na6 8. c4 Nc7 9. Nc3 d5 10. Re1 b5 11. Ne5 Bb7 12. a4 bxc4 13.
bxc4 Nd7 14. cxd5 Nxe5 15. dxe5 cxd5 16. f4 Rb8 17. Qd2 Qd7 18. Red1 Rfd8 19. Ba3 f6 20. exf6 Bxf6 21. e4 e5 22. fxe5 Bxe5 23. Rac1 d4 24. Qg5 Qg7 25. Nb5 Nxb5 26. axb5 Bf6 27. Qc5 d3 28. Qc4+ Qf7 29. Qxf7+ Kxf7 30. Rc7+ Kg8 31. e5 Bxg2 32. exf6 Bd5 33. Rxd3 Bf7 34. Rxd8+ Rxd8 35. Rxa7 Rd1+ 36.
Kf2 Bc4 37. Rg7+ Kh8 38. Rc7 Rf1+ 39. Ke3 Bg8 40. Be7 h5 41. b6 Bd5 42. b7 Bxb7 43. Rxb7 Kg8 44. h4 Kf7 45. Ke4 Rf5 46. Bd8+ Ke8 47. Be7 Kf7 48. Rb8 Ke6 49. Rg8 Kf7 50. Rg7+ Ke6 51. Rxg6 Re5+ 52. Kf3 Kf7 53. Rg5 1-0

[Event "44th Chess Olympiad Women 2022"]
[Site "Chennai"]
[Date "2022.08.01"]
[Round "4.33"]
[White "Yu, Weiyang"]
[Black "Norlamo, Sarabella"]
[Result "0-1"]
[WhiteElo "1504"]
[BlackElo "1925"]
[Annotator "NA RC"]
[PlyCount "118"]
[EventDate "2022.??.??"]
[TimeControl "60"]

1. e4 e5 2. Nf3 Nc6 3. Bb5 a6 4. Ba4 Nf6 5. O-O b5 6. Bb3 Be7 7. d4 d6 8. c3 exd4 9. cxd4 Bg4 10. Be3 Na5 11. Bc2 Nc4 12. b3 Nxe3 13.
fxe3 Bh5 14. Qe1 Bg6 15. Nbd2 d5 16. Ne5 Bb4 17. Nxg6 hxg6 18. Qf2 Bxd2 19. e5 Bxe3 20. Qxe3 Ng4 21. Qf4 Nh6 22. e6 O-O 23. Qe5 f6 24. Qg3 g5 25. Qd3 f5 26. Rae1 Qe7 27. Qh3 f4 28.
Qd3 Nf5 29. Re5 g6 30. Rxd5 Qxe6 31. Re5 Qd6 32. b4 Qxd4+ 33. Qxd4 Nxd4 34. Bxg6 Kg7 35. Be4 Kf6 36. Rc5 Ra7 37. Rd1 Rd8 38. Bd5 Ne6 39. Rc6 Rd6 40. Re1 Rxc6 41. Bxc6 Nd4 42. Be4 c6 43. Bf3 Nc2 44. Re4 Re7 45. Rxe7 Kxe7 46. Bxc6 Nxb4 47. Bb7 a5 48. a3 Nc2 49. g3 fxg3 50. hxg3 Nxa3 51. Bd5 Kd6 52. Bg8 a4 53. Kf2 b4 54. Ke2 b3 55. Kd2 b2 56. Bh7 b1=Q 57. Bxb1 Nxb1+ 58. Kc2 Na3+ 59. Kb2 Nb5 0-1

[Event "44th Chess Olympiad Women 2022"]
[Site "Chennai"]
[Date "2022.08.01"]
[Round "4.34"]
[White "Malikova, Marjona"]
[Black "Gonzalez Peguero, Mary Loly"]
[Result "1-0"]
[WhiteElo "1756"]
[BlackElo "1666"]
[Annotator "NA RC"]
[PlyCount "89"]
[EventDate "2022.??.??"]
[TimeControl "60"]

1. d4 Nf6 2. c4 g6 3. Nf3 Bg7 4. e3 d6 5. Be2 O-O 6. Nc3 Nbd7 7. O-O c5 8. a3 b6 9. b4 Bb7 10. bxc5 bxc5 11. Rb1 Rb8 12. Qa4 a6 13. d5 e6 14. e4 Ng4 15.
Bd2 Nge5 16. Nxe5 Bxe5 17. Qc2 Qh4 18. f4 Bd4+ 19. Kh1 Bc8 20.
Rxb8 Nxb8 21. g3 Qe7 22. Rb1 Nd7 23. Bd3 Bg7 24. Na4 exd5 25.
exd5 Nf6 26. Rb6 Ng4 27. Kg2 Ne3+ 28. Bxe3 Qxe3 29. Qe2 Qc1 30. Rxd6 Bd4 31. Qf1 Qxa3 32. Nb6 Qb2+ 33. Qe2 Qc1 34. Nxc8 Rxc8 35. Rxa6 Rb8 36. Ra2 h5 37. d6 h4 38. d7 Qg1+ 39. Kh3 Kg7 40. Qe8 hxg3 41. hxg3 Rxe8 42. dxe8=Q Bf2 43. Qe5+ Kh7 44. Bxg6+ Kxg6 45. Ra6+ 1-0

[Event "44th Chess Olympiad Women 2022"]
[Site "Chennai"]
[Date "2022.08.01"]
[Round "4.34"]
[White "Munoz Santana, Doribel"]
[Black "Bobomurodova, Maftuna"]
[Result "0-1"]
[WhiteElo "1851"]
[BlackElo "1914"]
[Annotator "NA RC"]
[PlyCount "52"]
[EventDate "2022.??.??"]
[TimeControl "60"]

1. d4 Nf6 2. Nf3 d5 3. g3 Bf5 4. Bg2 e6 5. O-O Nbd7 6. Nbd2 h6 7. c4 c6 8. a3 Be7 9. b4 a5 10. bxa5 Qxa5 11. Qb3 O-O 12. cxd5 cxd5 13. Ne5 Nb6 14. f3 Bb4 15. e4 Bc3 16. Bb2 Bxd2 17. exf5 exf5 18. Rad1 Na4 19. Ba1 Bc3 20. Bxc3 Qxc3 21. Rd3 Qc7 22. Rb1 b6 23. Bf1 Rfc8 24. Re1 Ra5 25. Rd2 Qc3 26. Rd3 Qxe1 0-1

[Event "44th Chess Olympiad Women 2022"]
[Site "Chennai"]
[Date "2022.08.01"]
[Round "4.34"]
[White "Omonova, Umida"]
[Black "Diaz Cesar, Wilsaida Pieranlly"]
[Result "1/2-1/2"]
[WhiteElo "2195"]
[BlackElo "1834"]
[Annotator "NA RC"]
[PlyCount "64"]
[EventDate "2022.??.??"]
[TimeControl "60"]

1. e4 e5 2. Nf3 d6 3. d4 exd4 4. Nxd4 Nf6 5. Nc3 Be7 6. g3 O-O 7. Bg2 Re8 8. O-O Bf8 9. Re1 c6 10. h3 a5 11. Be3 Na6 12. f4 Nc5 13.
Bf2 Qc7 14. a3 a4 15. Qf3 Bd7 16. Rad1 g6 17. g4 h6 18. Kh1 Bg7 19. Qg3 b6 20. Rd2 Rad8 21. b4 axb3 22. cxb3 d5 23. exd5 Rxe1+ 24. Bxe1 Nxd5 25. Ndb5 Qb8 26. b4 Nxc3 27. Nxc3 Nb3 28. Rd1 Nd4 29. Bf2 c5 30. bxc5 bxc5 31. Ne4 Ba4 32. Rd2 c4 1/2-1/2

[Event "44th Chess Olympiad Women 2022"]
[Site "Chennai"]
[Date "2022.08.01"]
[Round "4.34"]
[White "Rosario Almanzar, Raydily"]
[Black "Yakubbaeva, Nilufar"]
[Result "1/2-1/2"]
[WhiteElo "1882"]
[BlackElo "2299"]
[Annotator "NA RC"]
[PlyCount "63"]
[EventDate "2022.??.??"]
[TimeControl "60"]

1. c4 e5 2. Nc3 Nc6 3. Nf3 Nf6 4. e4 Bc5 5. h3 d6 6. d3 Be6 7. a3 a6 8. Be2 h6 9. O-O Qd7 10. Be3 Nd4 11. Bxd4 exd4 12. Nd5 c6 13. Nf4 g5 14. Nxe6 Qxe6 15. Nh2 O-O-O 16. b4 Bb6 17. Ng4 Kb8 18. Nxf6 Qxf6 19. Bh5 Bc7 20. Qf3 Qe5 21. Qf5 f6 22. Rab1 d5 23. Qxe5 Bxe5 24. exd5 cxd5 25. c5 Kc7 26. g3 Rhg8 27. Rfc1 Kc6 28. a4 Kc7 29. Kf1 Rg7 30. b5 a5 31. c6 b6 32. Re1 1/2-1/2

[Event "44th Chess Olympiad Women 2022"]
[Site "Chennai"]
[Date "2022.08.01"]
[Round "4.35"]
[White "Garcia, Angie"]
[Black "Kakulidis, Ellen"]
[Result "1-0"]
[WhiteElo "1894"]
[BlackElo "2057"]
[Annotator "NA RC"]
[PlyCount "57"]
[EventDate "2022.??.??"]
[TimeControl "60"]

1. e4 c5 2. Nc3 d6 3. f4 g6 4. Nf3 Nc6 5. Bb5 Bg7 6. Bxc6+ bxc6 7. O-O e6 8. d3 Ne7 9. e5 d5 10. Na4 Qa5 11. b3 d4 12. Ba3 Nd5 13.
Qe1 Qxe1 14. Rfxe1 Nb4 15. Nxd4 Nxd3 16. cxd3 cxd4 17. Bc5 Ba6 18. Nb2 Bf8 19. Bxd4 Bb4 20. Red1 O-O 21. Rac1 Rfd8 22. Bc5 Bxc5+ 23. Rxc5 Rac8 24. Ra5 Bb7 25. Rxa7 Ba8 26. Nc4 Rf8 27. Rc1 c5 28. Nb6 Rcd8 29. Nd7 1-0

[Event "44th Chess Olympiad Women 2022"]
[Site "Chennai"]
[Date "2022.08.01"]
[Round "4.35"]
[White "Nilssen, Ellen Fredericia"]
[Black "Ortez, Andrea"]
[Result "1-0"]
[WhiteElo "2142"]
[BlackElo "1908"]
[Annotator "NA RC"]
[PlyCount "83"]
[EventDate "2022.??.??"]
[TimeControl "60"]

1. d4 d5 2. c4 e6 3. Nc3 Nf6 4. cxd5 exd5 5. Bg5 c6 6. e3 Be7 7. Bd3 Nbd7 8. h3 Nf8 9. Nf3 Ne6 10. Bh4 g6 11. O-O O-O 12. Ne5 Ng7 13.
g4 Nd7 14. Bg3 Nxe5 15. Bxe5 Bd6 16. Bxd6 Qxd6 17. f4 f5 18. g5 Qe7 19. Qf3 Ne8 20. Rf2 Nd6 21. Rh2 Be6 22. h4 Rae8 23. Re1 Kg7 24. Kf2 Ne4+ 25. Bxe4 dxe4 26. Qe2 Qb4 27. Qd2 a5 28. Kg3 Rh8 29. a3 Qb3 30. h5 Bf7 31. h6+ Kf8 32. d5 Qc4 33.
dxc6 Qxc6 34. Qd4 Rg8 35. Rd2 Bc4 36. Rc1 Qe6 37. Qc5+ Re7 38.
Rd6 b6 39. Qxb6 Qc8 40. Rd8+ Qxd8 41. Qxd8+ Kf7 42. Qd4 1-0

[Event "44th Chess Olympiad Women 2022"]
[Site "Chennai"]
[Date "2022.08.01"]
[Round "4.35"]
[White "Palacios, Celina"]
[Black "Fredericia, Louise"]
[Result "0-1"]
[WhiteElo "1715"]
[BlackElo "1990"]
[Annotator "NA RC"]
[PlyCount "68"]
[EventDate "2022.??.??"]
[TimeControl "60"]

1. e4 c6 2. d3 d5 3. Nd2 e5 4. Ngf3 Nd7 5. g3 Ngf6 6. Bg2 Bc5 7. O-O O-O 8. c3 Bb6 9. Qe2 Re8 10. h3 Nc5 11. Rd1 Qc7 12. Nh4 Be6 13.
Kh2 Rad8 14. Rf1 a5 15. g4 g6 16. Nb3 dxe4 17. dxe4 Nd3 18. Bg5 Nf4 19. Qc2 Qe7 20. Nf3 Bc4 21. Bxf4 Bxf1 22. Bxe5 Bd3 23. Qc1 Nd7 24. Bg3 Bxe4 25. Qf4 Bxf3 26. Qxf3 Ne5 27. Qe4 Qd7 28. Bh4 Nd3 29. Qf3 Ne5 30. Qe4 Nd3 31. Qf3 Qd6+ 32. Bg3 Qe7 33. Rb1 Qe2 34. Qf6 Bxf2 0-1